 Dungeon Crawl Stone Soup version 0.17-a0-1731-g129c023 (webtiles) character file.

290 kae the Cleaver (level 6, -1/51 HPs)
             Began as a Hill Orc Fighter on Aug 29, 2015.
             Was an Initiate of Qazlal.
             Killed by divine providence
             ... invoked by an orc priest
              (15 damage)
             ... on level 4 of the Dungeon.
             The game lasted 00:02:01 (3276 turns).

kae the Cleaver (Hill Orc Fighter)                  Turns: 3276, Time: 00:02:01

Health: -1/51      AC:  6    Str: 21    XL:     6   Next: 32%
Magic:  6/6        EV:  7    Int:  8    God:    Qazlal [......]
Gold:   203        SH:  9    Dex: 10    Spells: 0 memorised, 5 levels left

rFire  . . .     SeeInvis .     a - +0 war axe
rCold  . . .     Clarity  .     b - +0 scale mail
rNeg   . . .     SustAt   .     c - +0 shield
rPois  .         Gourm    .     (no helmet)
rElec  .         Spirit   .     (no cloak)
rCorr  .         Warding  .     (no gloves)
rMut   .         Stasis   .     (no boots)
MR     .....                    (no amulet)
Stlth  ..........               (no ring)
                                (no ring)

@: not resistant to hostile enchantments, extremely unstealthy
A: no striking features
a: Renounce Religion, Convert to Beogh


You were on level 4 of the Dungeon.
You worshipped Qazlal.
Qazlal was noncommittal.
You were hungry.

You visited 1 branch of the dungeon, and saw 4 of its levels.

You collected 203 gold pieces.

Inventory:

Hand weapons
 a - a +0 war axe (weapon)
Armour
 b - a +0 scale mail (worn)
 c - a +0 shield (worn)
Jewellery
 l - an uncursed ring of stealth {unknown}
 q - an uncursed ring of fire {unknown}
Scrolls
 f - a scroll of recharging {unknown}
 g - 10 scrolls of identify {unknown}
 i - a scroll of blinking {unknown}
 n - a scroll of enchant armour {unknown}
 p - a scroll of fear {unknown}
Potions
 d - 2 potions of might
 e - a potion of beneficial mutation {unknown}
 h - 6 potions of curing
 k - a potion of magic {unknown}
 m - 2 potions of mutation {unknown}
 o - a potion of brilliance {unknown}
Comestibles
 j - 5 fruits
 r - a meat ration
 z - 3 bread rations


   Skills:
 - Level 3.6 Fighting
 + Level 8.5 Axes
 - Level 3.2 Armour
 - Level 3.2 Shields


You had 5 spell levels left.
You didn't know any spells.

Dungeon Overview and Level Annotations

Branches:
Dungeon (4/15)
 Temple: D:4-7

Altars:
Fedhas
Qazlal


Message History

Your shield and scale mail prevent you from hitting the worm.
The worm is almost dead.
You hit the ogre.
The ogre is lightly wounded.
The ogre hits you with a giant club!
An orc priest comes into view. It is wielding a whip.
The orc priest shouts, "Beogh is our master!
Accept the truth or die!" (press Y on the ability menu to convert to Beogh)
You barely miss the worm.
The worm is almost dead.
You completely miss the ogre.
The ogre is lightly wounded.
The ogre barely misses you. You block the worm's attack.
A hound comes into view.
The hound barks!
The ogre hits you with a giant club!!
* * * LOW HITPOINT WARNING * * *
The orc priest invokes the aid of Beogh against you.
Something smites you!
You die...

#.# #.# ###########.# ###
.# ............# #....#
.############ #.##.## .#
##.##..#### .# #.........
.# #..##.#.###.
.#############..@†o..h...
................#.O#.###
#######.##.###.###w# #
.<.(....##.# #.# #.#
##########.# #.# .a. #.#
#.##..#. #.# #........
... ..##... .. ###
####### ###


You could see an ogre, a worm, a hound and an orc priest.

Vanquished Creatures
  The ghost of Goblin1989 the Scratcher, an average FeTm (D:3)
  Ijyb (D:2)
  Natasha (twice) (D:2)
  An iguana (D:4)
  2 orc wizards (D:3)
  4 adders
  A giant gecko (D:4)
  5 orcs (D:3)
  4 giant cockroaches
  4 goblins
  7 hobgoblins
  4 jackals (D:2)
  3 kobolds (D:1)
  A quokka (D:2)
  2 ball pythons
  5 bats
  3 giant newts
  6 rats
56 creatures vanquished.

Notes
Turn   | Place    | Note
--------------------------------------------------------------
     0 | D:1      | kae the Hill Orc Fighter began the quest for the Orb.
     0 | D:1      | Reached XP level 1. HP: 19/19 MP: 1/1
   159 | D:1      | Reached XP level 2. HP: 26/26 MP: 2/2
   250 | D:1      | Reached skill level 4 in Axes
   913 | D:2      | Noticed Ijyb
   925 | D:2      | Killed Ijyb
   925 | D:2      | Reached skill level 5 in Axes
   925 | D:2      | Reached XP level 3. HP: 20/31 MP: 3/3
  1063 | D:2      | Noticed Natasha
  1066 | D:2      | Killed Natasha
  1066 | D:2      | Reached XP level 4. HP: 31/39 MP: 4/4
  1210 | D:2      | Found a faded altar to an unknown god.
  1214 | D:2      | Noticed Natasha
  1221 | D:2      | Killed Natasha
  1221 | D:2      | Reached skill level 6 in Axes
  1222 | D:2      | Found a blossoming altar of Fedhas.
  1401 | D:2      | Found a blossoming altar of Fedhas.
  1519 | D:2      | Reached XP level 5. HP: 40/45 MP: 5/5
  2075 | D:3      | Found a stormy altar of Qazlal.
  2152 | D:3      | Noticed Goblin1989's ghost (average FeTm)
  2173 | D:3      | Killed Goblin1989's ghost
  2173 | D:3      | Reached skill level 7 in Axes
  2197 | D:3      | Became a worshipper of Qazlal Stormbringer
  2592 | D:3      | Reached skill level 8 in Axes
  2592 | D:3      | Reached XP level 6. HP: 32/51 MP: 6/6
  3276 | D:4      | Killed from afar by an orc priest

Vault maps used:
D:1:      dpeg_arrival_round_a
D:2:      nicolae_overflow_crystal_walls, ecumenical_altar_1, fedhas_altar_2,
          uniq_iyjb, uniq_natasha
D:3:      first_bread, minmay_misc_feat_x, nicolae_qazlal_eye_of_the_storm
D:4:      serial_shops, shop, minmay_surrounded

Action                   |  1- 3 |  4- 6 || total
-------------------------+-------+-------++-------
Melee: War axe           |    63 |   112 ||   175
  Use: Potion            |     1 |     1 ||     2
  Eat: Chunk             |       |     5 ||     5
       Fruit             |       |     2 ||     2
